 Dungeon Crawl Stone Soup version 0.31.0-32-g396128a36d (webtiles) character file.

Game seed: 8868650670666517651

34 chababy the Conjurer (level 3, -1/19 HPs)
             Began as a Deep Elf Conjurer on Mar 26, 2024.
             Slain by a hobgoblin (3 damage)
             ... on level 2 of the Dungeon.
             The game lasted 00:05:56 (975 turns).

chababy the Conjurer (Deep Elf Conjurer)             Turns: 975, Time: 00:05:56

Health: -1/19      AC:  2    Str:  4    XL:     3   Next: 14%
Magic:  9/9        EV: 12    Int: 24    God:
Gold:   16         SH:  0    Dex: 13    Spells: 7/8 levels left

rFire   . . .        c - +0 dagger
rCold   . . .        (no shield)
rNeg    . . .        a - +0 robe
rPois   .            (no helmet)
rElec   .            (no cloak)
rCorr   .            (no gloves)
SInv    .            (no boots)
Will    .....        (no amulet)
Stlth   ++           (no ring)
HPRegen 0.23/turn    (no ring)
MPRegen 0.11/turn

%: no passive effects
@: no status effects
A: no striking features
a: no special abilities


You were on level 2 of the Dungeon.
You visited 1 branch of the dungeon, and saw 2 of its levels.

You collected 16 gold pieces.

Inventory:

Hand Weapons
 c - a +0 dagger (weapon)
Armour
 a - a +0 robe (worn)
Scrolls
 d - a scroll of identify {unknown}
 e - a scroll of enchant weapon {unknown}
 h - a scroll of blinking {unknown}
 i - 3 scrolls of revelation {unknown}
Potions
 f - a potion of heal wounds {unknown}
 g - a potion of curing {unknown}


   Skills:
 + Level 0.3 Fighting
 + Level 0.4 Short Blades
 + Level 2.5 Dodging
 + Level 2.6 Stealth
 + Level 3.2 Spellcasting
 + Level 5.1 Conjurations


You had 7 spell levels left.
You knew the following spells:

 Your Spells              Type           Power      Damage    Failure   Level
a - Magic Dart            Conj           100%       1d8       1%          1

Your spell library contained the following spells:

 Spells                   Type           Power      Damage    Failure   Level
 Searing Ray              Conj           56%        2d6       1%          2
 Call Canine Familiar     Summ           3%         N/A       32%         3
 Sigil of Binding         Hex            3%         N/A       32%         3
 Fulminant Prism          Conj/Alch      8%         3d7       36%         4
 Iskenderun's Mystic Bla  Conj/Tloc      16%        2d5       36%         4
 Dimensional Bullseye     Hex/Tloc       1%         N/A       71%         4


Dungeon Overview and Level Annotations

Branches:
Dungeon (2/15)

Altars:


Message History

The ball python moves out of view.
Aiming: Magic Dart (safe; 1% risk of failure)
Press: ? - help, Q - select action Shift-Dir - straight line, f - hobgoblin
Aim: a hobgoblin (100% to hit)
The magic dart hits the hobgoblin.
The hobgoblin is severely wounded.
The endoplasm quivers.
The hobgoblin closely misses you. The frilled lizard barely misses you.
Aiming: Magic Dart (safe; 1% risk of failure)
Press: ? - help, Q - select action Shift-Dir - straight line, f/p - hobgoblin
Aim: a hobgoblin (heavily wounded, 100% to hit)
The magic dart hits the hobgoblin.
You kill the hobgoblin!
The hobgoblin shouts!
You hear a shout!
The adder bites you but does no damage.
A goblin comes into view. It is wielding a +0 dagger.
The frilled lizard bites you. The adder closely misses you.
You closely miss the ball python.
The goblin shouts!
You hear a shout! x2
The ball python barely misses you. The ball python closely misses you.
A goblin comes into view. It is wielding a +0 dagger.
A goblin comes into view. It is wielding a +0 club.
The frilled lizard bites you. The adder misses you.
A goblin comes into view. It is wielding a +0 dagger.
The ball python attacks as it pursues you!
The ball python bites you.
* * * LOW HITPOINT WARNING * * *
The ball python grabs you. The ball python constricts you.
The hobgoblin closely misses you.
A goblin comes into view. It is wielding a +0 dagger.
The frilled lizard bites you.
* * * LOW HITPOINT WARNING * * *
The ball python loses its grip on you. The jackal misses you.
The jackal bites you.
* * * LOW HITPOINT WARNING * * *
The goblin moves out of view.
Magic courses through your body. The jackal barely misses you.
The jackal closely misses you. The hobgoblin hits you.
You die...

.# ##..# #...# ....
#$...######.#.. .
#..?.##...... ..
#..........##.#.
#...............
#......h...J....
#.###....rl@.S.g...
........†.hSg.#r.g.
..........Sh....g..
.<.##.........#.#"g
# ......(.....# ..
#............... ..
#.............#.. .
#........(........
#.......>......#..


You could see an adder, an endoplasm, 3 jackals, 2 hobgoblins, 3 goblins, 2 ball
pythons, a frilled lizard and 2 rats.

Vanquished Creatures
  An adder (D:2)
  A ball python (D:1)
  An endoplasm (D:1)
  3 giant cockroaches (D:1)
  2 goblins (D:1)
  4 hobgoblins
  2 jackals (D:1)
  2 quokkas (D:1)
  2 frilled lizards
  3 rats (D:1)
21 creatures vanquished.

Notes
Turn   | Place    | Note
-------+----------+-------------------------------------------
     0 | D:1      | chababy the Deep Elf Conjurer began the quest for the Orb.
     0 | D:1      | Reached XP level 1. HP: 10/10 MP: 6/6
   143 | D:1      | Reached XP level 2. HP: 15/15 MP: 6/8
   345 | D:1      | Reached skill level 5 in Conjurations
   965 | D:2      | Reached XP level 3. HP: 15/19 MP: 5/9
   975 | D:2      | Slain by a hobgoblin

Illustrated notes

Levels and vault maps discovered:
D:1:      dpeg_arrival_tiny_f, layout_basic, bh_walls_and_bars
D:2:      layout_rooms, uniq_robin

Skill      XL: |  1  2 |
---------------+-------+-----
Conjurations   | 5 |  5.1
Fighting       | |  0.3
Short Blades   | |  0.4
Dodging        | |  2.5
Stealth        | |  2.6
Spellcasting   | |  3.2

Action                     || total
---------------------------++-------
  Melee: Dagger            ||    56
         Punch             ||     1
   Cast: Magic Dart        ||    23
    Use: Potion            ||     1
   Stab: Sleeping          ||     2
 Armour: Robe              ||    40
  Dodge: Dodged            ||    50
